 Dungeon Crawl Stone Soup version 0.22-a0-48-g8770677 (webtiles) character file.

399 KristoblXynda the Slasher (level 6, -1/48 HPs)
             Began as a Draconian Gladiator on Jan 7, 2018.
             Killed by nerve-wracking pain
             ... invoked by Grinder
              (9 damage)
             ... on level 3 of the Dungeon.
             The game lasted 00:05:26 (2481 turns).

KristoblXynda the Slasher (Draconian Gladiator)     Turns: 2481, Time: 00:05:26

Health: -1/48      AC:  6    Str: 21    XL:     6   Next: 53%
Magic:  6/6        EV: 14    Int: 10    God:
Gold:   109        SH:  0    Dex: 13    Spells: 5/5 levels left

rFire    . . .     SeeInvis .   a - +0 long sword
rCold    . . .     Gourm    .   (no shield)
rNeg     . . .     Faith    .   (armour unavailable)
rPois    .         Spirit   .   b - +0 hat
rElec    .         Reflect  .   (no cloak)
rCorr    .         Harm     .   (no gloves)
MR       .....                  (no boots)
Stlth    +.........             (no amulet)
HPRegen  0.16/turn              (no ring)
MPRegen  0.10/turn              (no ring)

@: mighty, drained
A: unfitting armour, cold-blooded, AC +6
a: no special abilities


You were on level 3 of the Dungeon.
You were not hungry.

You visited 1 branch of the dungeon, and saw 3 of its levels.

You collected 109 gold pieces.

Inventory:

Hand Weapons
 a - a +0 long sword (weapon)
Missiles
 c - a throwing net (quivered)
Armour
 b - a +0 hat (worn)
Wands
 k - a wand of polymorph (2)
Scrolls
 e - 3 scrolls of identify
 g - a scroll of teleportation {unknown}
 h - 3 scrolls of magic mapping
 i - a scroll of remove curse {unknown}
 n - a scroll of enchant armour {unknown}
Potions
 f - 2 potions of brilliance
 j - a potion of mutation
Comestibles
 d - 5 rations


   Skills:
 - Level 2.1 Fighting
 + Level 4.9(4.8) Long Blades
 + Level 3.9 Throwing
 + Level 4.4 Dodging


You had 5 spell levels left.
You didn't know any spells.

Dungeon Overview and Level Annotations

Branches:
Dungeon (3/15)

Altars:
Ashenzari

Annotations:
D:3 Grinder


Innate Abilities, Weirdness & Mutations

Your plain brown scales are hard. (AC +6)
You cannot fit into any form of body armour.
You are cold-blooded and may be slowed by cold attacks.


Message History

Grinder barely misses you.
You riposte.
You slash Grinder! You tail-slap Grinder.
Grinder is moderately wounded.
You closely miss Grinder.
Grinder is moderately wounded.
Grinder closely misses you.
You closely miss Grinder. You tail-slap Grinder!
Grinder is heavily wounded.
Grinder drinks a potion.
Grinder is healed!
You closely miss Grinder.
Grinder is moderately wounded.
Grinder blinks!
Grinder gestures at you. Pain shoots through your body!
* * * LOW HITPOINT WARNING * * *
You slash Grinder!
Grinder is severely wounded.
Grinder gestures at you. Pain shoots through your body!
You die...

..# .# ##.##.##
###......###
...>.......
#......#
_..####.# #
#......##.####
...####5......#
#@##..#.# #.#
.# #####.# #
#.....# #.#####
#.# #. ###.#
#.##...#
#.#...##


You could see Grinder.

Vanquished Creatures
  Sigmund (D:2)
  An orc wizard (D:3)
  Ijyb (D:3)
  7 adders
  4 gnolls
  A worm (D:2)
  2 leopard geckos
  4 orcs (D:3)
  11 bats
  2 giant cockroaches (D:1)
  8 goblins
  6 hobgoblins
  A ball python (D:2)
  9 frilled lizards
  9 kobolds
  14 rats
81 creatures vanquished.

Notes
Turn   | Place    | Note
-------+----------+-------------------------------------------
     0 | D:1      | KristoblXynda the Draconian Gladiator began the quest for the Orb.
     0 | D:1      | Reached XP level 1. HP: 17/17 MP: 1/1
     3 | D:1      | Noticed an electric eel
     4 | D:1      | Noticed an electric eel
   185 | D:1      | Reached XP level 2. HP: 19/24 MP: 2/2
   535 | D:1      | Reached XP level 3. HP: 28/29 MP: 3/3
   941 | D:2      | Reached XP level 4. HP: 29/36 MP: 4/4
  1168 | D:2      | Noticed Sigmund
  1191 | D:2      | Killed Sigmund
  1191 | D:2      | Reached XP level 5. HP: 13/41 MP: 5/5
  1191 | D:2      | Reached XP level 6. HP: 16/48 MP: 6/6
  1842 | D:3      | Found a faded altar of an unknown god.
  1871 | D:3      | Noticed Ijyb
  2187 | D:3      | Killed Ijyb
  2462 | D:3      | Noticed Grinder
  2463 | D:3      | Found a shattered altar of Ashenzari.
  2467 | D:3      | Paralysed by Grinder for 7 turns
  2481 | D:3      | Killed from afar by Grinder

Vault maps used:
D:1:      arrival_aquarium_b, minmay_rat_gold_closets
D:2:      uniq_sigmund
D:3:      ashenzari_altar_1, chequers_ecumenical_altar_simple_redux,
          uniq_crazy_yiuf_cottage, uniq_ijyb, uniq_grinder

Skill      XL: |  1  2  3  4 |
---------------+-------------+-----
Throwing       | 2 3 |  3.9
Dodging        | 3 4 |  4.4
Long Blades    | 4 |  4.9
Fighting       | |  2.1

Action                   |  1- 3 |  4- 6 || total
-------------------------+-------+-------++-------
Melee: Long sword        |    96 |   173 ||   269
       Tailslap          |     9 |    20 ||    29
       Unarmed           |       |     3 ||     3
Throw: Throwing net      |       |     2 ||     2
  Use: Scroll            |     1 |     2 ||     3
       Potion            |       |     4 ||     4
 Stab: Sleeping          |     3 |     1 ||     4
       Held in net/web   |       |     1 ||     1
  Eat: Chunk             |       |     4 ||     4
       Ration            |       |     1 ||     1
Armor: Skin              |    41 |    84 ||   125
Dodge: Dodged            |    98 |   124 ||   222
       Rpst.: Long sword |    35 |    39 ||    74

Table legend:
 A = Spawn XP
 B = Non-spawn XP
 C = Spawn XP percentage of total XP
 D = Spawn monster count
 E = Non-spawn monster count
 F = Spawn count percentage of total count
 G = Total turns spent on level
                    A         B        C        D         E        F      G
               +---------+---------+-------+---------+---------+-------+---------
         Total |       0 |     570 |   0.0 |       0 |      81 |   0.0 |  2481
               +---------+---------+-------+---------+---------+-------+---------
           D:1 |       0 |      47 |   0.0 |       0 |      34 |   0.0 |   823
           D:2 |       0 |     402 |   0.0 |       0 |      34 |   0.0 |  1229
           D:3 |       0 |     121 |   0.0 |       0 |      13 |   0.0 |   429
               +---------+---------+-------+---------+---------+-------+---------
